 Dungeon Crawl Stone Soup version 0.19.4-8-ga85b6b9 (webtiles) character file.

26 Haldmier the Slasher (level 2, 0/28 HPs)
             Began as a High Elf Skald on Feb 11, 2017.
             Succumbed to an adder's poison
             ... on level 1 of the Dungeon.
             The game lasted 00:03:08 (810 turns).

Haldmier the Slasher (High Elf Skald)                Turns: 810, Time: 00:03:09

Health: 0/28       AC: 21    Str: 13 (16) XL:     2   Next: 89%
Magic:  5/6        EV:  2    Int: 12 (15) God:
Gold:   28         SH:  0    Dex: 17 (19) Spells: 1 memorised, 4 levels left

rFire  . . .     SeeInvis .     a - +0 falchion
rCold  . . .     Gourm    .     (armour currently unavailable)
rNeg   + + +     Faith    .     (no shield)
rPois  +         Spirit   .     (helmet currently unavailable)
rElec  .         Reflect  .     (cloak currently unavailable)
rCorr  .         Harm     .     (gloves currently unavailable)
MR     .....     NoTele   +     (boots currently unavailable)
Stlth  +++.......               (no amulet)
                                (no ring)
                                (no ring)

@: mighty, agile, lethally poisoned (0 -> -2), exhausted, tree-form, very
slightly contaminated, hasted, very quick
A: no striking features
a: no special abilities


You were on level 1 of the Dungeon.
You were not hungry.
You were a tree.
You visited 1 branch of the dungeon, and saw 2 of its levels.

You collected 28 gold pieces.

Inventory:

Hand Weapons
 a - a +0 falchion (weapon)
Armour
 b - a +0 leather armour (melded)
 j - a +0 ring mail
Jewellery
 h - a +3 ring of strength {unknown}
 m - an uncursed ring of positive energy {unknown}
Scrolls
 e - 2 scrolls of remove curse {unknown}
 k - a scroll of random uselessness {unknown}
 n - a scroll of teleportation {unknown}
Potions
 f - a potion of haste
Books
 c - a book of Battle

   Spells                             Type                      Level
   a - Infusion                       Charms                       1
   b - Shroud of Golubria             Charms/Translocation         2
   c - Song of Slaying                Charms                       2
   d - Spectral Weapon                Hexes/Charms                 3
   e - Regeneration                   Charms/Necromancy            3
Comestibles
 d - a bread ration
 g - 6 chunks of flesh
 o - 4 fruits
 p - a meat ration


   Skills:
 - Level 2.0 Fighting
 + Level 4.2 Long Blades
 - Level 0.8 Armour
 - Level 1.1 Dodging
 - Level 2.4 Spellcasting
 - Level 3.6 Charms


You had 4 spell levels left.
You knew the following spells:

 Your Spells              Type           Power        Failure   Level  Hunger
a - Infusion              Chrm           ##..         8%          1    ##.....


Dungeon Overview and Level Annotations

Branches:
Dungeon (2/15)

Altars:


Message History

It was a potion of degeneration.
There was something very wrong with that liquid.
You feel weakened.
You feel dopey.
You feel clumsy.
* * * LOW HITPOINT WARNING * * *
You feel sick.
You take 1 damage, and have 3/28 hp.
It was a potion of agility.
You feel agile all of a sudden.
* * * LOW HITPOINT WARNING * * *
You feel sick.
You take 1 damage, and have 2/28 hp.
You are no longer magically infusing your attacks.
* * * LOW HITPOINT WARNING * * *
You feel sick.
You take 1 damage, and have 2/28 hp.
* * * LOW HITPOINT WARNING * * *
You feel sick.
You take 1 damage, and have 1/28 hp.
You feel yourself speed up.
You die...

# #.# ##.###.#.#......# #.#. #
#.# ##...##.#.#..###.# #... #
#.####.....#.#.#..###.###... #
#........................... #
######.....#.#.#.####...##.. #
##...##.#.#.####...##.. #
##.###............##.. ###
#.#####.......#.###.. ..#
#>..♣................ #.#
#.#####.#..#.#######. #.# #.#
#.#..#.# #. #.# ##.## #.#..#.# #.
#.######## #...####.#..#.## #.
#.##.....# #.#..........#.## #.
..##.###.###...#####...###.#####.
#....# #..............## ##......
#.##.###.####.######...###.######


There were no monsters in sight!

Vanquished Creatures
  An adder (D:1)
  A worm (D:2)
  A dart slug (D:1)
  A hobgoblin (D:1)
  3 bats
  3 frilled lizards (D:1)
  2 kobolds
  4 rats
16 creatures vanquished.

Notes
Turn   | Place    | Note
-------+----------+-------------------------------------------
     0 | D:1      | Haldmier the High Elf Skald began the quest for the Orb.
     0 | D:1      | Reached XP level 1. HP: 14/14 MP: 4/4
   295 | D:1      | Reached skill level 3 in Long Blades
   379 | D:1      | Reached XP level 2. HP: 19/19 MP: 1/6
   783 | D:1      | Reached skill level 4 in Long Blades
   805 | D:1      | HP: 1/28 [poisoned by an adder]
   810 | D:1      | Succumbed to an adder's poison

Skill      XL: |  1  2 |
---------------+-------+-----
Long Blades    | 3 4 |  4.2
Fighting       | |  2.0
Armour         | |  0.8
Dodging        | |  1.1
Spellcasting   | |  2.4
Charms         | |  3.6

Action                   || total
-------------------------++-------
Melee: Falchion          ||    33
 Cast: Infusion          ||     6
  Use: Potion            ||     6
 Stab: Sleeping          ||     1
Armor: Leather armour    ||     8
Dodge: Dodged            ||    22
       Rpst.: Falchion   ||     6
